 Dungeon Crawl Stone Soup version 0.25-a0-513-ge77a69270c (webtiles) character file.

Game seed: 9541104222427041759, levelgen mode: deterministic

404 Kohma the Chiller (level 6, -1/51 HPs)
             Began as a Draconian Ice Elementalist on Feb 15, 2020.
             Killed from afar by an orc wizard (6 damage)
             ... with a magic dart
             ... on level 4 of the Dungeon on Feb 16, 2020.
             The game lasted 00:09:54 (2424 turns).

Kohma the Chiller (Draconian Ice Elementalist)      Turns: 2424, Time: 00:09:54

Health: -1/51      AC:  7    Str: 10    XL:     6   Next: 56%
Magic:  18/20      EV: 12    Int: 18    God:
Gold:   146        SH:  0    Dex: 11    Spells: 7/11 levels left

rFire    . . .     SeeInvis .   p - +0 falchion
rCold    . . .     Gourm    .   (no shield)
rNeg     . . .     Faith    .   (armour unavailable)
rPois    .         Spirit   .   (helmet restricted)
rElec    .         Reflect  .   (no cloak)
rCorr    .         Harm     .   (no gloves)
MR       .....                  i - +0 pair of boots
Stlth    ++........             (no amulet)
HPRegen  0.17/turn              a - ring of magical power
MPRegen  0.17/turn              (no ring)

@: no status effects
A: unfitting armour, cold-blooded, AC +6
a: no special abilities


You were on level 4 of the Dungeon.
You were not hungry.

You visited 1 branch of the dungeon, and saw 4 of its levels.

You collected 146 gold pieces.

Inventory:

Hand Weapons
 d - a +0 dagger
 e - a +0 short sword
 p - a +0 falchion (weapon)
Missiles
 t - 15 poisoned darts (quivered)
Armour
 i - a +0 pair of boots (worn)
Jewellery
 a - a ring of magical power (left hand)
 l - an uncursed ring of ice
 v - an uncursed ring of protection from magic {unknown}
Wands
 j - a wand of random effects (19)
Potions
 c - a potion of cancellation {unknown}
 g - a potion of agility {unknown}
 h - 2 potions of curing
 n - 2 potions of flight {unknown}
 o - 2 potions of invisibility {unknown}
 q - a potion of heal wounds {unknown}
 s - a potion of mutation {unknown}
Comestibles
 b - 9 rations
 f - 3 chunks of flesh


   Skills:
 + Level 3.0 Fighting
 - Level 2.0(2.3) Short Blades
 + Level 1.5(2.1) Long Blades
 - Level 1.7 Dodging
 - Level 1.7 Stealth
 + Level 3.3 Spellcasting
 * Level 5.9 Ice Magic


You had 7 spell levels left.
You knew the following spells:

 Your Spells              Type           Power        Failure   Level  Hunger
a - Freeze                Ice            ###.         1%          1    None
b - Frozen Ramparts       Ice            ###...       4%          3    ###....

Your spell library contained the following spells:

 Spells                   Type           Power        Failure   Level  Hunger
 Ozocubu's Armour         Chrm/Ice       ##......     14%         3    ###....
 Hailstorm                Conj/Ice       ##......     43%         4    ####...
 Summon Ice Beast         Ice/Summ       ##......     43%         4    ####...


Dungeon Overview and Level Annotations

Branches:
Dungeon (4/15)
 Temple: D:4-7

Altars:
Ashenzari
Elyvilon

Annotations:
D:4 2 transporters, anet's ghost, amateur DEWz


Innate Abilities, Weirdness & Mutations

Your plain brown scales are hard. (AC +6)
You cannot fit into any form of body armour.
You are cold-blooded and may be slowed by cold attacks.


Message History

The puff of flame hits you.
* * * LOW HITPOINT WARNING * * *
The orc warrior throws a stone.
The stone hits you.
* * * LOW HITPOINT WARNING * * *
You see here 2 stones.
The orc priest invokes the aid of Beogh against you.
Beogh smites you!
* * * LOW HITPOINT WARNING * * *
The wall releases a blast of icicles at the orc wizard!
The orc wizard is encased in ice.
The wall releases a blast of icicles at the orc wizard!
The wall releases a blast of icicles at the orc wizard!
The orc wizard is no longer encased in ice.
Casting: Frozen Ramparts (safe; 4% risk of failure)
Confirm with . or Enter, or press ? or * to list all spells.
You cannot sustain more frozen ramparts right now.
The frozen ramparts melt away.
The orc wizard gestures at you while chanting.
The magic dart hits you.
You die...

* ##* #.##* ....#* ###
### ,....*##.####.##
,*#..##..#.##..#
**##...........####### *
#..o..o(o.....@....##
###........#########..#
....##....##WlW...©##.#
......(...#8.#...#.8#.#
.....(%...#.!.#.#...#.##
.....(#...#........[#..##
.....†#..©#....©...?#©..#
.....(....#.........#...#
..........#...#.#...#...#


You could see a hungry ghost, an orc wizard, anet's ghost and a leopard gecko.

Vanquished Creatures
  An ogre (D:4)
  A jelly (D:3)
  2 orc priests (D:3)
  Jessica (D:3)
  An orc wizard (D:3)
  2 worker ants (D:4)
  3 adders
  An ooze (D:3)
  2 worms
  4 dart slugs
  5 leopard geckos
  5 orcs
  A giant cockroach (D:2)
  9 hobgoblins
  5 jackals
  A quokka (D:3)
  4 ball pythons
  8 bats
  7 frilled lizards
  7 goblins (D:1)
  9 kobolds
  3 rats
82 creatures vanquished.

Notes
Turn   | Place    | Note
-------+----------+-------------------------------------------
     0 | D:1      | Kohma the Draconian Ice Elementalist began the quest for
                  | the Orb.
     0 | D:1      | Reached XP level 1. HP: 14/14 MP: 3/3
     0 | D:1      | Upgraded the game from 0.25-a0-510-ge065f6de7d to
                  | 0.25-a0-513-ge77a69270c
   135 | D:1      | Reached XP level 2. HP: 22/22 MP: 5/5
   398 | D:1      | Reached skill level 1 in Fighting
   545 | D:1      | Reached XP level 3. HP: 28/28 MP: 6/6
   559 | D:1      | Learned a level 3 spell: Frozen Ramparts
   708 | D:1      | Reached skill level 1 in Short Blades
  1155 | D:2      | Found a shattered altar of Ashenzari.
  1243 | D:2      | Reached XP level 4. HP: 35/35 MP: 7/7
  1359 | D:3      | Reached skill level 5 in Ice Magic
  1359 | D:3      | Reached XP level 5. HP: 41/41 MP: 9/9
  2087 | D:3      | Noticed Jessica
  2092 | D:3      | Killed Jessica
  2092 | D:3      | Reached XP level 6. HP: 50/50 MP: 10/10
  2161 | D:4      | Reached skill level 1 in Long Blades
  2232 | D:4      | Found a white marble altar of Elyvilon.
  2368 | D:4      | Found a transporter.
  2368 | D:4      | Noticed anet's ghost (amateur DEWz)
  2369 | D:4      | Noticed a hungry ghost
  2384 | D:4      | Found a transporter.
  2407 | D:4      | Noticed an orc warrior
  2424 | D:4      | Killed from afar by an orc wizard

Levels and vault maps discovered:
D:1:      eino_arrival_tree_alley, layout_basic
D:2:      layout_rooms, ashenzari_altar_1
D:3:      layout_basic, first_ration, uniq_jessica
D:4:      corexii_shack_village, layout_cave_pools, kennysheep_mini,
          gammafunk_ghost_arena, uniq_duvessa

Skill      XL: |  1  2  3  4  5  6 |
---------------+-------------------+-----
Fighting       | 1 2 3 |  3.0
Short Blades   | 1 2 |  2.0
Ice Magic      | 5 |  5.9
Spellcasting   | 3 |  3.3
Long Blades    | 1 |  1.5
Dodging        | |  1.7
Stealth        | |  1.7

Action                   |  1- 3 |  4- 6 || total
-------------------------+-------+-------++-------
Melee: Short sword       |    39 |    13 ||    52
       Tailslap          |     1 |       ||     1
       Falchion          |       |    23 ||    23
 Cast: Freeze            |    46 |     7 ||    53
       Frozen Ramparts   |     5 |    18 ||    23
  Use: Scroll            |       |     6 ||     6
 Stab: Sleeping          |     2 |       ||     2
  Eat: Chunk             |     2 |     6 ||     8
Armor: Skin              |    22 |     5 ||    27
Dodge: Dodged            |    64 |    25 ||    89
       Rpst.: Falchion   |       |     4 ||     4

Table legend:
 A = Non-vault XP
 B = Vault XP
 C = Vault XP percentage of total XP
 D = Non-vault monster count
 E = Vault monster count
 F = Vault count percentage of total count
                 A         B        C        D         E       F
            +---------+---------+-------+---------+---------+-------
      Total |     539 |      39 |   6.7 |      80 |       2 |   2.4
            +---------+---------+-------+---------+---------+-------
        D:1 |      57 |       0 |   0.0 |      33 |       0 |   0.0
        D:2 |      52 |       0 |   0.0 |      14 |       0 |   0.0
        D:3 |     234 |      37 |  13.7 |      28 |       1 |   3.4
        D:4 |     196 |       2 |   1.0 |       5 |       1 |  16.7
            +---------+---------+-------+---------+---------+-------
